 Dungeon Crawl Stone Soup version 0.28.0 (webtiles) character file.

Game seed: 3498672806318686987

594 hikkokomori the Digger (level 7, -3/43 HPs)
             Began as a Gargoyle Earth Elementalist on Feb 15, 2022.
             Slain by an ogre (29 damage)
             ... on level 5 of the Dungeon.
             The game lasted 00:14:00 (4656 turns).

hikkokomori the Digger (GrEE)                       Turns: 4656, Time: 00:14:00

Health: -3/43      AC: 12    Str: 14    XL:     7   Next: 39%
Magic:  10/10      EV: 10    Int: 15    God:
Gold:   141        SH:  0    Dex: 10    Spells: 4/10 levels left

rFire   . . .      SeeInvis .   m - +1 whip (elec)
rCold   . . .      Faith    .   (no shield)
rNeg    + . .      Spirit   .   h - +0 ring mail
rPois   ∞          Reflect  .   (no helmet)
rElec   +          Harm     .   n - +0 cloak
rCorr   .          Rampage  .   i - +0 pair of gloves
Will    .....                   (no boots)
Stlth   +.........              (no amulet)
HPRegen 0.14/turn               (no ring)
MPRegen 0.12/turn               (no ring)

@: no status effects
A: sickness immunity, AC +4, negative energy resistance 1, electricity
resistance, torment resistance 1, petrification resistance
a: no special abilities


You were on level 5 of the Dungeon.
You visited 1 branch of the dungeon, and saw 5 of its levels.

You collected 204 gold pieces.
You spent 63 gold pieces at shops.

Inventory:

Hand Weapons
 e - a +0 dagger
 l - a +0 short sword
 m - a +1 whip of electrocution (weapon)
 o - a +0 flail
Missiles
 c - 75 stones
 g - 12 poisoned darts
 x - a throwing net
Armour
 b - a +0 robe
 h - a +0 ring mail (worn)
 i - a +0 pair of gloves (worn)
 n - a +0 cloak (worn)
Jewellery
 r - a +4 ring of protection
Scrolls
 d - 3 scrolls of identify
 j - 2 scrolls of fear {unknown}
 p - a scroll of magic mapping {unknown}
 q - a scroll of vulnerability
 s - 2 scrolls of teleportation {unknown}
 w - a scroll of silence {unknown}
Potions
 a - 2 potions of attraction
 f - a potion of mutation {unknown}
 k - a potion of degeneration {unknown}
 t - a potion of invisibility {unknown}
 u - a potion of cancellation {unknown}
 v - a potion of heal wounds {unknown}


   Skills:
 + Level 4.1 Fighting
 + Level 2.4 Maces & Flails
 - Level 2.1 Armour
 - Level 1.5 Dodging
 - Level 2.1 Stealth
 - Level 2.0 Spellcasting
 + Level 2.6 Conjurations
 + Level 2.2 Transmutations
 + Level 6.0 Earth Magic


You had 4 spell levels left.
You knew the following spells:

 Your Spells              Type           Power      Damage    Failure   Level
a - Sandblast             Erth           38%        2d10      3%          1
b - Stone Arrow           Conj/Erth      28%        3d8       22%         3
c - Passwall              Tmut/Erth      10%        N/A       12%         2

Your spell library contained the following spells:

 Spells                   Type           Power      Damage    Failure   Level
 Blink                    Tloc           2%         N/A       54%         2
 Conjure Flame            Conj/Fire      5%         6-21      58%         3
 Petrify                  Tmut/Erth      13%        N/A       63%         4
 Ignite Poison            Fire/Tmut/Pois 3%         N/A       69%         3
 Sticky Flame             Conj/Fire      5%         2d3       94%         4
 Manifold Assault         Tloc           1%         N/A       100%        5
 Storm Form               Tmut/Air       2%         N/A       100%        7


Dungeon Overview and Level Annotations

Branches:
Dungeon (5/15)
 Temple: D:4-7

Altars:
Kikubaaqudgha
Nemelex Xobeh
Okawaru
Vehumet

Shops:
D:3 [

Annotations:
D:4 3 runed translucent doors, scisormetimb3rs's ghost, amateur FoFi


Innate Abilities, Weirdness & Mutations

You are immune to sickness and miasma.
Your stone body is resilient. (AC +4)
You are immune to poison.
You resist negative energy. (rN+)
You are resistant to electric shocks. (rElec)
You are resistant to unholy torment.
You are immune to petrification.


Message History

Things that are here:
a +0 club; a +0 robe; a gnoll corpse
Things that are here:
a +0 spear; a +0 spear; a gnoll corpse
x - a throwing net
There is a stone staircase leading up, spattered with blood here.
Things that are here:
a +0 spear; a gnoll corpse You open the door.
There is an open door here.
You enter the shallow water.
Moving in this stuff is going to be slow.
A scorpion comes into view.
The scorpion moves out of view.
An iguana comes into view.
Found a scroll labelled XOG XOAGRETH, 10 gold pieces and a robe.
The iguana hisses angrily.
An ogre comes into view. It is wielding a +0 giant club.
The ogre shouts!
The iguana barely misses you.
You closely miss the scorpion. The scorpion closely misses you.
The iguana closely misses you.
You hit the scorpion.
The scorpion is moderately wounded.
The scorpion stings you! The ogre closely misses you.
The iguana bites you but does no damage.
You hit the ogre but do no damage. You punch the ogre.
The ogre is lightly wounded.
The scorpion barely misses you.
The iguana bites you but does no damage.
You hit the ogre.
The ogre is moderately wounded.
The scorpion stings you but does no damage.
The ogre hits you with a +0 giant club! The scorpion stings you.
The iguana misses you.
You hit the ogre.
The ogre is moderately wounded.
The ogre hits you with a +0 giant club!!
Ouch! That really hurt!
You die...

##### ##≈≈≈##
##≈≈.≈≈##
##≈≈...≈≈#
##≈≈.#s#.≈≈#
##≈≈.##@# ≈≈#
##≈≈.##Ol≈# ≈
##≈≈.##≈...≈#
###≈≈.##≈..$..≈#
#.'...#....[....#
#.#≈≈.##≈.....≈##
#.##≈≈.##≈...≈##
#.###≈≈.##≈.≈##
#.# ##≈≈.#


You could see an ogre, a scorpion and an iguana.

Vanquished Creatures
  A necrophage (D:5)
  An ogre (D:4)
  A phantom (D:4)
  A hound (D:5)
  A jelly (D:4)
  2 gnoll shamans
  Jessica (D:2)
  An iguana (D:4)
  4 gnolls (D:5)
  A howler monkey skeleton (D:4)
  4 adders
  An adder skeleton (D:4)
  5 worms
  15 orcs
  An endoplasm (D:2)
  6 giant cockroaches
  2 goblins
  4 hobgoblins
  4 jackals (D:1)
  2 quokkas
  7 ball pythons
  2 bats
  2 frilled lizards (D:1)
  8 kobolds
  A quokka skeleton (D:4)
  7 rats
85 creatures vanquished.

Vanquished Creatures (others)
  2 plants (D:4)
2 creatures vanquished.

Grand Total: 87 creatures vanquished

Notes
Turn   | Place    | Note
-------+----------+-------------------------------------------
     0 | D:1      | hikkokomori the Gargoyle Earth Elementalist began the quest
                  | for the Orb.
     0 | D:1      | Reached XP level 1. HP: 10/10 MP: 3/3
   124 | D:1      | Reached skill level 1 in Fighting
   135 | D:1      | Reached skill level 4 in Earth Magic
   135 | D:1      | Reached XP level 2. HP: 16/16 MP: 0/5
   232 | D:1      | Found a faded altar of an unknown god.
   723 | D:2      | Reached XP level 3. HP: 21/21 MP: 3/6
   875 | D:2      | Reached skill level 1 in Armour
  1351 | D:2      | Noticed Jessica
  1354 | D:2      | Killed Jessica
  1355 | D:2      | Reached XP level 4. HP: 27/27 MP: 5/7
  1787 | D:3      | Found Norre's Armour Shop.
  1802 | D:3      | Bought a +0 cloak for 63 gold pieces
  2009 | D:2      | Reached skill level 5 in Earth Magic
  2140 | D:3      | Reached XP level 5. HP: 25/32 MP: 8/8
  2600 | D:3      | Found a sparkling altar of Nemelex Xobeh.
  2661 | D:4      | Learned a level 3 spell: Stone Arrow
  2664 | D:4      | Learned a level 2 spell: Passwall
  2666 | D:4      | Noticed an ogre
  2765 | D:4      | Found a runed translucent gate.
  2766 | D:4      | Found a runed translucent gate.
  2766 | D:4      | Noticed scisormetimb3rs's ghost (amateur FoFi)
  2767 | D:4      | Found a runed translucent gate.
  2796 | D:4      | Found an iron altar of Okawaru.
  2812 | D:4      | Reached skill level 1 in Transmutations
  3038 | D:4      | Noticed a phantom
  3078 | D:4      | Killed a phantom
  3079 | D:4      | Reached skill level 1 in Maces & Flails
  3079 | D:4      | Reached skill level 1 in Conjurations
  3079 | D:4      | Reached XP level 6. HP: 33/37 MP: 3/9
  3511 | D:4      | Found a radiant altar of Vehumet.
  4148 | D:5      | Entered Level 5 of the Dungeon
  4181 | D:5      | Reached XP level 7. HP: 32/42 MP: 10/10
  4368 | D:5      | Found an ancient bone altar of Kikubaaqudgha.
  4415 | D:5      | Reached skill level 6 in Earth Magic
  4656 | D:5      | Slain by an ogre

Illustrated notes

Levels and vault maps discovered:
D:1:      scummos_arrival_simple_fountains, layout_basic,
          chequers_ecumenical_altar_twisty, palyth_stone_intersect,
          chequers_garden
D:2:      layout_basic, uniq_jessica
D:3:      layout_basic, mainiacjoe_overflow_alcove_4, serial_shops,
          nicolae_shop_statue_plus
D:4:      cheibrodos_old_hovel, layout_basic, lemuel_doored_altar,
          okawaru_gym_becter, gammafunk_ghost_split, minmay_starry_boxes
D:5:      minmay_diamond_boxcup, layout_loops_ring, kiku_gazebo_pond_becter,
          hangedman_glass_teeth, kennysheep_diamond, kennysheep_pointless_box,
          minmay_misc_feat_tiny

Skill      XL: |  1  2  3  4  5  6  7 |
---------------+----------------------+-----
Fighting       | 1 2 3 4 |  4.1
Earth Magic    | 4 5 6 |  6.0
Armour         | 1 2 |  2.1
Transmutations | 1 2 |  2.2
Maces & Flails | 1 2 |  2.4
Conjurations   | 1 2 |  2.6
Dodging        | |  1.5
Stealth        | |  2.1
Spellcasting   | |  2.0

Action                   |  1- 3 |  4- 6 |  7- 9 || total
-------------------------+-------+-------+-------++-------
Melee: Unarmed           |    12 |       |       ||    12
       Dagger            |    12 |       |       ||    12
       Punch             |     1 |     1 |     1 ||     3
       Flail             |       |    24 |       ||    24
       Short sword       |       |    15 |       ||    15
       Whip              |       |    64 |    23 ||    87
 Cast: Sandblast         |    47 |    49 |    10 ||   106
  Use: Scroll            |       |     2 |       ||     2
Armor: Robe              |    26 |       |       ||    26
       Ring mail         |    10 |    51 |    17 ||    78
Dodge: Dodged            |    65 |    68 |    16 ||   149
